 Dungeon Crawl Stone Soup version 0.29.0-5-ge4962eb29e (webtiles) character file.

Game seed: 948246020165839697

18361 inmateoo the Cleaver (level 12, -6/107 HPs)
             Began as a Minotaur Gladiator on Aug 30, 2022.
             Was a High Priest of Okawaru.
             Mangled by a hellwing (10 damage)
             ... summoned by an orc sorcerer
             ... led by an orc knight
             ... on level 12 of the Dungeon.
             The game lasted 00:11:21 (11045 turns).

inmateoo the Cleaver (Minotaur Gladiator)          Turns: 11045, Time: 00:11:22

Health: -6/107     AC: 19    Str: 28    XL:     12   Next: 27%
Magic:  16/16      EV: 14    Int:  5    God:    Okawaru [*****.]
Gold:   917        SH:  0    Dex: 17    Spells: 11/11 levels left

rFire   + . .      SeeInvis .   w - +8 dire flail "Ovegisum" {vorpal, Str+5 Dex+4}
rCold   . . .      Faith    .   (shield currently unavailable)
rNeg    . . .      Spirit   .   l - +1 chain mail {rF+}
rPois   +          Reflect  .   c - +0 hat
rElec   .          Harm     .   q - +2 cloak
rCorr   .          Rampage  .   H - +0 pair of gloves
Will    .....                   t - +0 pair of boots
Stlth   ..........              C - amulet of regeneration
HPRegen 1.07/turn               o - ring of poison resistance
MPRegen 0.15/turn               (no ring)

@: brilliant, about to teleport, marked
A: horns 2, retaliatory headbutt
a: Renounce Religion, Heroism, Finesse, Duel


You were on level 12 of the Dungeon.
You worshipped Okawaru.
Okawaru was extremely pleased with you.
You visited 2 branches of the dungeon, and saw 13 of its levels.
You also visited: Bailey.

You collected 917 gold pieces.

Inventory:

Hand Weapons
 a - a +1 war axe of freezing
 w - the +8 dire flail "Ovegisum" (weapon) {vorpal, Str+5 Dex+4}
   (You found it on level 5 of the Dungeon)

   It inflicts extra damage upon your enemies.
   Str:       It affects your strength (+5).
   Dex:       It affects your dexterity (+4).
Missiles
 d - a throwing net
 e - 9 javelins
 D - 4 silver javelins (quivered)
Armour
 c - a +0 hat (worn)
 l - a +1 chain mail of fire resistance (worn)
 q - a +2 cloak (worn)
 t - a +0 pair of boots (worn)
 G - a +0 kite shield
 H - a +0 pair of gloves (worn)
Jewellery
 n - a ring of ice
 o - a ring of poison resistance (left hand)
 u - a ring of fire
 C - an amulet of regeneration (around neck)
Wands
 j - a wand of paralysis (9)
 r - a wand of roots (7)
 E - a wand of polymorph (4)
 F - a wand of flame (14)
Scrolls
 b - 9 scrolls of teleportation
 p - a scroll of poison
 s - a scroll of identify
 x - 2 scrolls of amnesia
 y - a scroll of brand weapon
 B - 3 scrolls of fear
Potions
 f - 4 potions of resistance
 g - 2 potions of curing
 h - 4 potions of invisibility
 i - 5 potions of haste
 k - 3 potions of might
 m - 3 potions of lignification
 v - 4 potions of brilliance
 z - 2 potions of heal wounds
 A - 3 potions of mutation
 I - a potion of flight {unknown}


   Skills:
 + Level 10.3 Fighting
 * Level 14.6 Axes
 + Level 2.8 Throwing
 + Level 10.1 Armour
 + Level 9.9 Dodging
 + Level 7.6 Invocations


You had 11 spell levels left.
You didn't know any spells.
Your spell library contained the following spells:

 Spells                   Type           Power      Damage    Failure   Level
 Apportation              Tloc           0%         N/A       92%         1
 Beastly Appendage        Tmut           0%         N/A       92%         1
 Necrotise                Necr           0%         1d4       92%         1
 Slow                     Hex            0%         N/A       92%         1
 Scorch                   Fire           0%         2d5       98%         2
 Confusing Touch          Hex            0%         N/A       100%        3
 Dazzling Flash           Conj/Hex       0%         N/A       100%        3
 Ignite Poison            Fire/Tmut/Pois 0%         N/A       100%        3
 Mephitic Cloud           Conj/Pois/Air  0%         N/A       100%        3
 Portal Projectile        Hex/Tloc       0%         N/A       100%        3
 Vampiric Draining        Necr           0%         2d6       100%        3
 Anguish                  Hex/Necr       0%         N/A       100%        4
 Flame Wave               Conj/Fire      0%         2d4       100%        4
 Agony                    Necr           0%         N/A       100%        5
 Blade Hands              Tmut           0%         N/A       100%        5
 Freezing Cloud           Conj/Ice/Air   0%         6-21      100%        5
 Silence                  Hex/Air        0%         N/A       100%        5
 Necromutation            Tmut/Necr      0%         N/A       100%        8
 Summon Small Mammal      Summ           Unusable   N/A       N/A         1
 Tukima's Dance           Hex            Unusable   N/A       N/A         3
 Summon Cactus Giant      Summ           Unusable   N/A       N/A         6

Dungeon Overview and Level Annotations

Branches:
Dungeon (12/15)            Temple (1/1) D:4            Lair (0/5) D:9
    Orc (0/2) D:9          Bailey (visited)

Altars:
Ashenzari
Cheibriados
Dithmenos
Elyvilon
Fedhas
Gozag
Hepliaklqana
Kikubaaqudgha
Makhleb
Nemelex Xobeh
Okawaru
Qazlal
Ru
Sif Muna
Trog
Uskayaw
Vehumet
Wu Jian
Xom
Yredelemnul
Zin
The Shining One


Innate Abilities, Weirdness & Mutations

You have a pair of horns on your head.
You reflexively headbutt those who attack you in melee.


Message History

The grasping roots constrict the orc knight.
The grasping roots constrict the orc warrior.
The grasping roots constrict the orc!
You kill the orc!
The grasping roots constrict the sixfirhy.
The roots release their grip on the orc knight.
The roots release their grip on the orc warrior.
The sixfirhy struggles to escape constriction.
The sixfirhy escapes!
The sixfirhy closely misses you. The sixfirhy hits you.
The sixfirhy shocks you!
A vampire mosquito comes into view. x2
The sixfirhy hits you.
* * * LOW HITPOINT WARNING * * *
The sixfirhy shocks you!
* * * LOW HITPOINT WARNING * * *
It was a potion of brilliance.
You feel clever all of a sudden. The sixfirhy hits you.
* * * LOW HITPOINT WARNING * * *
The sixfirhy shocks you!
* * * LOW HITPOINT WARNING * * *
A vampire mosquito comes into view.
The hellwing swoops through the air toward you!
The hellwing hits you.
* * * LOW HITPOINT WARNING * * *
The hellwing hits you but does no damage.
It was a potion of heal wounds.
You feel much better.
The deep elf pyromancer casts a spell.
The deep elf pyromancer blinks!
A gargoyle comes into view. It is wielding a +0 mace.
The hellwing hits you but does no damage.
The hellwing hits you.
* * * LOW HITPOINT WARNING * * *
The sixfirhy attacks as you move away! The sixfirhy barely misses you.
The vampire mosquito barely misses you. The sixfirhy hits you!
* * * LOW HITPOINT WARNING * * *
The sixfirhy shocks you!
* * * LOW HITPOINT WARNING * * *
The vampire mosquito barely misses you. The hellwing hits you!
You die...

.......##...#..#
.......##...##.#
........#..9##.#
..#.##......(..###
#...###...###(...#
...[......###....#
.............yeyy# ###########
####.#.########y4###...).....#
........# ##@3oooo.......#
.....#..### #####o....?.[.#
.....#....## #.........#
...........# #^........#
##.###.##### #.........#
#..##.#### #.........#
##.<.....## #.........#
######...###### ###########
##.......#


You could see an orc knight, a hellwing (summoned), a deep elf pyromancer, a
sixfirhy (summoned), an orc sorcerer (strong), 2 orc warriors, 4 vampire
mosquitoes, a gargoyle and an orc (strong).

Vanquished Creatures
  A boulder beetle (D:11)
  7 two-headed ogres
  Urug (D:11)
  A manticore (D:11)
  Joseph (D:7)
  2 gargoyles
  2 unseen horrors
  4 trolls
  2 hornets (D:9)
  4 slime creatures
  Sigmund (D:6)
  3 spriggans (Bailey)
  A shadow (D:9)
  3 yaks (D:9)
  2 wraiths (D:11)
  A wyvern (D:9)
  4 humans (D:9)
  Grum (D:10)
  6 steam dragons
  6 vampire mosquitoes (D:12)
  3 acid dragons
  A water moccasin (D:6)
  Duvessa (D:7)
  4 orc warriors
  An ice beast (D:5)
  A black bear (D:5)
  2 sky beasts (D:7)
  4 wolves (D:10)
  4 centaurs
  7 ogres
  2 phantoms
  2 kobold brigands
  2 bullfrogs
  2 necrophages (D:6)
  4 scorpions
  9 wights
  Dowan (D:7)
  15 killer bees
  An electric eel (D:10)
  A howler monkey (D:5)
  A hound (D:6)
  3 jellies
  5 orc priests
  Crazy Yiuf (D:7)
  A gnoll bouda (D:8)
  2 iguanas
  10 orc wizards
  Robin (D:3)
  5 adders
  14 gnolls
  2 shadow imps
  2 white imps
  2 ufetubi (D:6)
  3 worms
  A dart slug (D:8)
  36 orcs
  7 ball pythons
  4 bats
  4 endoplasms
  5 giant cockroaches (D:2)
  5 hobgoblins
  3 quokkas
  3 frilled lizards
  17 goblins
  16 kobolds
  4 rats
277 creatures vanquished.

Notes
Turn   | Place    | Note
-------+----------+-------------------------------------------
     0 | D:1      | inmateoo the Minotaur Gladiator began the quest for the
                  | Orb.
     0 | D:1      | Reached XP level 1. HP: 18/18 MP: 0/0
   103 | D:1      | Reached XP level 2. HP: 24/25 MP: 1/1
   106 | D:1      | Reached skill level 4 in Axes
   206 | D:1      | Got Butassis's Atlas of Vexing Evolution
   402 | D:1      | Reached skill level 1 in Armour
   514 | D:2      | Reached XP level 3. HP: 30/30 MP: 2/2
   902 | D:3      | Reached XP level 4. HP: 38/38 MP: 3/3
  1173 | D:3      | Noticed Robin
  1182 | D:3      | Killed Robin
  1186 | D:3      | Reached skill level 5 in Axes
  1748 | D:4      | Identified the +2 robe of the Bulwark {rPois Will+ Int-3}
  1759 | D:4      | Reached XP level 5. HP: 45/45 MP: 4/4
  1828 | D:4      | You fall into a shaft and drop 2 floors!
  1831 | D:5      | Entered Level 5 of the Dungeon
  1841 | D:5      | Noticed a phantom
  1855 | D:5      | Killed a phantom
  1900 | D:4      | Found a staircase to the Ecumenical Temple.
  1915 | Temple   | Entered the Ecumenical Temple
  2103 | Temple   | Became a worshipper of Warmaster Okawaru
  2679 | D:4      | Reached XP level 6. HP: 43/52 MP: 5/5
  2839 | D:5      | Reached skill level 6 in Axes
  2852 | D:5      | Noticed an ice beast
  2860 | D:5      | Killed an ice beast
  2930 | D:5      | Identified the +8 dire flail "Ovegisum" {vorpal, Str+5
                  | Dex+4}
  3102 | D:5      | Reached * piety under Okawaru
  3103 | D:5      | Reached skill level 5 in Dodging
  3103 | D:5      | Reached XP level 7. HP: 53/60 MP: 6/6
  3160 | D:5      | Found an ornate altar of the Wu Jian Council.
  3182 | D:5      | Reached skill level 7 in Axes
  3670 | D:6      | Reached skill level 5 in Fighting
  3670 | D:6      | Reached skill level 1 in Invocations
  4125 | D:6      | Reached XP level 8. HP: 68/68 MP: 8/8
  4341 | D:6      | Reached skill level 8 in Axes
  4377 | D:6      | Reached ** piety under Okawaru
  4381 | D:6      | Reached skill level 5 in Armour
  4382 | D:6      | Noticed Sigmund
  4392 | D:6      | Killed Sigmund
  4660 | D:7      | Found a radiant altar of Vehumet.
  4660 | D:7      | Found a sparkling altar of Nemelex Xobeh.
  4664 | D:7      | Noticed a two-headed ogre
  4673 | D:7      | Killed a two-headed ogre
  4673 | D:7      | Reached *** piety under Okawaru
  4674 | D:7      | Reached skill level 9 in Axes
  4674 | D:7      | Reached XP level 9. HP: 78/78 MP: 8/10
  4674 | D:7      | Found a bloodstained altar of Trog.
  4674 | D:7      | Found a shadowy altar of Dithmenos.
  4803 | D:7      | Found a runed translucent door.
  4804 | D:7      | Noticed Crazy Yiuf
  4929 | D:7      | Reached **** piety under Okawaru
  4930 | D:7      | Reached skill level 10 in Axes
  5061 | D:7      | Noticed Joseph
  5061 | D:7      | Paralysed by Joseph for 2 turns
  5061 | D:7      | Noticed Duvessa
  5081 | D:7      | Noticed Dowan
  5085 | D:7      | Killed Duvessa
  5094 | D:7      | Paralysed by Joseph for 3 turns
  5101 | D:7      | Killed Joseph
  5105 | D:7      | Killed Dowan
  5593 | D:7      | Killed Crazy Yiuf
  5733 | D:8      | Noticed a tengu conjurer
  5734 | D:8      | Noticed a cyclops
  5760 | D:8      | Received a gift from Okawaru
  5796 | D:8      | Reached XP level 10. HP: 86/86 MP: 12/12
  5813 | D:8      | Reached skill level 11 in Axes
  5975 | D:8      | Found a snail-covered altar of Cheibriados.
  6266 | D:9      | Reached skill level 5 in Invocations
  6597 | D:9      | Found a staircase to the Orcish Mines.
  6682 | D:9      | Found a flagged portal.
  6689 | Bailey   | Entered a bailey
  6880 | Bailey   | Reached ***** piety under Okawaru
  6881 | Bailey   | Reached skill level 12 in Axes
  6948 | Bailey   | Noticed a two-headed ogre
  7173 | Bailey   | Identified the quicksilver dragon scales of the True
                  | Pharaoh {Harm Will+ rCorr Int+4}
  7247 | Bailey   | Killed a two-headed ogre
  7724 | D:9      | Reached XP level 11. HP: 93/95 MP: 14/14
  7882 | D:9      | Found a staircase to the Lair.
  7939 | D:9      | Received a gift from Okawaru
  8684 | D:10     | Entered Level 10 of the Dungeon
  8690 | D:10     | Reached skill level 13 in Axes
  8726 | D:10     | Noticed a two-headed ogre
  8732 | D:10     | Killed a two-headed ogre
  8732 | D:10     | Received a gift from Okawaru
  8942 | D:10     | Noticed a two-headed ogre
  8942 | D:10     | Noticed Grum
  8956 | D:10     | Killed Grum
  8964 | D:10     | Killed a two-headed ogre
  9533 | D:11     | Noticed Urug
  9543 | D:11     | Killed Urug
  9726 | D:11     | Noticed a boulder beetle
  9755 | D:11     | Killed a boulder beetle
 10111 | D:11     | Noticed a two-headed ogre
 10118 | D:11     | Killed a two-headed ogre
 10118 | D:11     | Received a gift from Okawaru
 10119 | D:11     | Reached skill level 14 in Axes
 10501 | D:11     | Noticed a two-headed ogre
 10515 | D:11     | Killed a two-headed ogre
 10516 | D:11     | Reached skill level 10 in Fighting
 10647 | D:11     | Reached XP level 12. HP: 106/106 MP: 16/16
 10770 | D:12     | Noticed a two-headed ogre
 10775 | D:12     | Killed a two-headed ogre
 10831 | D:12     | Identified the +4 arbalest of the Lair of Beasts {vorpal,
                  | *Slow rF+++ rN+ Will+} (Okawaru gifted it to you on level
                  | 12 of the Dungeon)
 10831 | D:12     | Received a gift from Okawaru
 10897 | D:11     | Reached skill level 10 in Armour
 11045 | D:12     | HP: 4/107 [sixfirhy[an orc knight] (11)]
 11045 | D:12     | Mangled by a hellwing

Illustrated notes

Levels and vault maps discovered:
D:1:      lightli_arrival_maybe_door_vault, layout_rooms
D:2:      layout_rooms
D:3:      layout_basic, uniq_robin
D:4:      layout_basic, minmay_temple_entry_wispy, minmay_surrounded
D:5:      layout_gridville, lemuel_tele_altar
D:6:      layout_loops_ring, uniq_sigmund
D:7:      layout_cave_pods, grunt_temple_overflow_open, uniq_joseph,
          uniq_crazy_yiuf_cottage, uniq_duvessa
D:8:      layout_loops_ring, kennysheep_slug_shrine, lightli_corner_chamber
D:9:      layout_basic, dpeg_oklobed_lair, hiddenorc2_lemuel, enter_bailey_3,
          minmay_ruffians
D:10:     layout_basic, fountainhead, uniq_grum
D:11:     layout_irregular_city, kennysheep_generic_room_2, uniq_urug
D:12:     layout_rooms
Temple:   nicolae_temple_slightly_damp_pantheon

Skill      XL: |  1  2  3  4  5  6  7  8  9 10 11 12 |
---------------+-------------------------------------+-----
Axes           | 4 5 6 7 9 10 12 14 | 14.6
Armour         | 1 2 3 4 5 7 8 9 10 | 10.1
Fighting       | 3 4 5 6 7 8 10 | 10.3
Dodging        | 4 5 6 7 8 9 |  9.9
Invocations    | 1 3 4 6 7 |  7.6
Throwing       | |  2.8

Action                   |  1- 3 |  4- 6 |  7- 9 | 10-12 || total
-------------------------+-------+-------+-------+-------++-------
Melee: War axe           |    59 |    92 |       |       ||   151
       Headbutt          |     8 |    15 |    24 |    77 ||   124
       Punch             |       |     3 |       |       ||     3
       Dire flail        |       |     3 |   133 |   356 ||   492
Throw: Throwing net      |       |       |     1 |     2 ||     3
       Javelin           |       |       |       |     1 ||     1
Evoke: Wand              |       |       |     1 |     1 ||     2
  Use: Scroll            |       |       |    15 |     9 ||    24
       Potion            |       |       |       |     5 ||     5
 Stab: Held in net/web   |       |       |     1 |       ||     1
Armor: Leather armour    |    14 |       |       |       ||    14
       Ring mail         |     7 |       |       |       ||     7
       Scale mail        |       |    49 |    20 |       ||    69
       Chain mail        |       |       |    22 |   150 ||   172
       Plate armour      |       |       |       |    20 ||    20
Dodge: Dodged            |    44 |    62 |    90 |   218 ||   414
